 Dungeon Crawl Stone Soup version 0.25-a0-614-g73ad250637 (webtiles) character file.

Game seed: 13649722691724109730, levelgen mode: deterministic

85 kae the Insei (level 4, 0/37 HPs)
             Began as a Demonspawn Monk on Mar 17, 2020.
             Shot with an arrow by a centaur (8 damage)
             ... on level 4 of the Dungeon.
             The game lasted 00:01:44 (1927 turns).

kae the Insei (Demonspawn Monk)                     Turns: 1927, Time: 00:01:45

Health: 0/37       AC:  3    Str: 12    XL:     4   Next: 25%
Magic:  0/4        EV: 13    Int: 11    God:
Gold:   28         SH:  0    Dex: 16    Spells: 3/3 levels left

rFire    . . .     SeeInvis .     - Unarmed
rCold    . . .     Gourm    .   (no shield)
rNeg     . . .     Faith    .   a - +0 robe
rPois    .         Spirit   +   (no helmet)
rElec    .         Reflect  .   (no cloak)
rCorr    .         Harm     .   (no gloves)
MR       .....                  g - +0 pair of boots
Stlth    ++........             (no amulet)
HPRegen  0.12/turn              (no ring)
MPRegen  0.18/turn              (no ring)

@: no status effects
A: demonic guardian 1, magic shield, magic regeneration
a: no special abilities


You were on level 4 of the Dungeon.
You were not hungry.

You visited 1 branch of the dungeon, and saw 3 of its levels.

You collected 28 gold pieces.

Inventory:

Armour
 a - a +0 robe (worn)
 g - a +0 pair of boots (worn)
Scrolls
 d - a scroll of identify {unknown}
 f - a scroll of magic mapping {unknown}
 h - a scroll of remove curse {unknown}
Potions
 c - 2 potions of curing {unknown}
 e - a potion of berserk rage {unknown}
Comestibles
 b - 5 rations


   Skills:
 + Level 3.8 Fighting
 - Level 2.6 Dodging
 - Level 1.7 Stealth
 * Level 4.1 Unarmed Combat


You had 3 spell levels left.
You didn't know any spells.
Your spell library was empty.

Dungeon Overview and Level Annotations

Branches:
Dungeon (2/15)

Altars:
Fedhas
Hepliaklqana
Trog


Innate Abilities, Weirdness & Mutations

A weak demonic guardian rushes to your aid.
When hurt, damage is shared between your health and your magic reserves.
You regenerate magic rapidly.


Message History

The centaur wields a +0 shortbow.
The centaur shoots an arrow.
The arrow closely misses you.
You see here an arrow.
You swap places.
The centaur shoots an arrow.
The arrow hits you!
You see here an arrow.
The centaur shoots an arrow.
The arrow hits you!
Your ufetubus hits the bush but does no damage. x4
The centaur shoots an arrow.
The arrow closely misses you.
You see here an arrow.
An orc comes into view. It is wielding a +0 short sword.
The orc hits something but does no damage.
Found a stone staircase leading down.
You see here 15 gold pieces.
The centaur shoots an arrow.
The arrow hits you!
* * * LOW HITPOINT WARNING * * *
The centaur unwields a +0 shortbow.
The centaur hits something but does no damage.
The centaur wields a +0 shortbow.
The centaur shoots an arrow.
The arrow misses your ufetubus. The arrow hits you!
You die...

......
...... #....
.#....###
........##
#...#...#
#......####
#..PP.(..(##
...
PPP(5@..# .
P_PP#(.##
P.PcP...#
PPP.P...#
...o..##
...#...##
........
........
..>...


You could see a centaur, an orc and a friendly ufetubus.

Vanquished Creatures
  3 adders (D:2)
  A worm (D:2)
  A leopard gecko (D:2)
  5 bats
  A giant cockroach (D:1)
  5 goblins
  6 hobgoblins
  4 jackals (D:1)
  10 kobolds
  9 frilled lizards
  5 rats
50 creatures vanquished.

Vanquished Creatures (collateral kills)
  An adder (D:2)
  A kobold (D:2)
2 creatures vanquished.

Grand Total: 52 creatures vanquished

Notes
Turn   | Place    | Note
-------+----------+-------------------------------------------
     0 | D:1      | kae the Demonspawn Monk began the quest for the Orb.
     0 | D:1      | Reached XP level 1. HP: 18/18 MP: 1/1
    32 | D:1      | Reached skill level 3 in Unarmed Combat
   111 | D:1      | Gained mutation: When hurt, damage is shared between your
                  | health and your magic reserves. [demonic ancestry]
   111 | D:1      | Reached XP level 2. HP: 20/24 MP: 2/2
   149 | D:1      | HP: 1/24 [kobold (4)]
   155 | D:1      | HP: 1/24 [frilled lizard (1)]
   748 | D:1      | Gained mutation: A weak demonic guardian rushes to your
                  | aid. [demonic ancestry]
   748 | D:1      | Reached XP level 3. HP: 23/29 MP: 3/3
  1108 | D:2      | Found a bloodstained altar of Trog.
  1131 | D:2      | Found a hazy altar of Hepliaklqana.
  1229 | D:2      | Reached skill level 4 in Unarmed Combat
  1235 | D:2      | Gained mutation: You regenerate magic rapidly. [demonic
                  | ancestry]
  1235 | D:2      | Reached XP level 4. HP: 7/37 MP: 2/4
  1920 | D:2      | You fall into a shaft and drop 2 floors!
  1920 | D:4      | Found a blossoming altar of Fedhas.
  1920 | D:4      | Noticed a centaur
  1927 | D:4      | Shot with an arrow by a centaur

Levels and vault maps discovered:
D:1:      doesnt_arrival_eight_statues, layout_rooms
D:2:      layout_loops_ring, lemuel_round_altar, lightli_temple_of_fire,
          minmay_rat_hole
D:4:      layout_cave_pools, fedhas_bush_and_centaur_altar, first_ration,
          minmay_misc_feat_five

Skill      XL: |  1  2  3 |
---------------+----------+-----
Unarmed Combat | 3 4 |  4.1
Fighting       | |  3.8
Dodging        | |  2.6
Stealth        | |  1.7

Action                   |  1- 3 |  4- 6 || total
-------------------------+-------+-------++-------
Melee: Unarmed           |   152 |    30 ||   182
       Punch             |     3 |       ||     3
 Stab: Sleeping          |     3 |     1 ||     4
  Eat: Chunk             |     1 |     2 ||     3
Armor: Robe              |    22 |     4 ||    26
Dodge: Dodged            |   113 |    28 ||   141

Table legend:
 A = Non-vault XP
 B = Vault XP
 C = Vault XP percentage of total XP
 D = Non-vault monster count
 E = Vault monster count
 F = Vault count percentage of total count
                 A         B        C        D         E       F
            +---------+---------+-------+---------+---------+-------
      Total |     122 |       0 |   0.0 |      52 |       0 |   0.0
            +---------+---------+-------+---------+---------+-------
        D:1 |      41 |       0 |   0.0 |      27 |       0 |   0.0
        D:2 |      81 |       0 |   0.0 |      25 |       0 |   0.0
            +---------+---------+-------+---------+---------+-------
